 Dungeon Crawl Stone Soup version 0.27-a0-520-gb83adbd1c9 (webtiles) character file.

Game seed: 16136432397766067204

2849 Morbidden the Gusty (level 9, 0/72 HPs)
             Began as a Demigod Air Elementalist on Mar 4, 2021.
             Splashed by an orc warrior's acid (11 damage)
             ... on level 7 of the Dungeon.
             The game lasted 00:11:10 (8444 turns).

Morbidden the Gusty (Demigod Air Elementalist)      Turns: 8444, Time: 00:11:10

Health: 0/72       AC:  0    Str: 13    XL:     9   Next: 22%
Magic:  0/19       EV: 10    Int: 25    God:
Gold:   113        SH:  0    Dex: 14    Spells: 11/17 levels left

rFire    . . .     SeeInvis .   a - +2 spear (venom)
rCold    . . .     Faith    .   (no shield)
rNeg     + . .     Spirit   +   v - +0 scale mail of Vehumet's Favour {Rampage rN+ Regen+}
rPois    .         Reflect  .   t - +0 helmet
rElec    .         Harm     .   (no cloak)
rCorr    .         Rampage  +   (no gloves)
Will     .....                  (no boots)
Stlth    +.........             n - amulet of guardian spirit
HPRegen  1.22/turn              (no ring)
MPRegen  0.16/turn              (no ring)

@: corroded, very slightly contaminated
A: high mp 1, forlorn
a: no special abilities


You were on level 7 of the Dungeon.
You visited 1 branch of the dungeon, and saw 7 of its levels.

You collected 333 gold pieces.
You spent 220 gold pieces at shops.

Inventory:

Hand Weapons
 a - a +2 spear of venom (weapon)
 b - a +0 flail
Missiles
 w - 3 atropa-tipped darts
Armour
 t - a +0 helmet (worn)
 v - the +0 scale mail of Vehumet's Favour (worn) {Rampage rN+ Regen+}
   (You bought it in a shop on level 6 of the Dungeon)

   It protects you from negative energy.
   It increases your rate of regeneration.
   It bestows one free step when moving towards enemies.
Jewellery
 n - an amulet of guardian spirit (around neck)
Wands
 u - a wand of flame (16) (quivered)
Scrolls
 d - 2 scrolls of blinking {unknown}
 f - 2 scrolls of enchant weapon {unknown}
 g - a scroll of enchant armour {unknown}
 i - 6 scrolls of teleportation {unknown}
 j - 6 scrolls of identify {unknown}
 l - a scroll of magic mapping
 m - a scroll of fog {unknown}
 o - a scroll of noise {unknown}
 p - 3 scrolls of random uselessness {unknown}
 q - a scroll of magic mapping
 s - 2 scrolls of fear {unknown}
Potions
 c - 3 potions of curing
 e - 2 potions of flight
 h - a potion of attraction {unknown}
 k - 2 potions of mutation {unknown}
 r - a potion of brilliance {unknown}


   Skills:
 * Level 4.3 Fighting
 + Level 4.9 Polearms
 + Level 2.6 Armour
 + Level 3.3 Dodging
 + Level 3.0 Stealth
 + Level 0.1 Unarmed Combat
 * Level 4.5 Spellcasting
 * Level 4.9 Conjurations
 * Level 5.8 Air Magic


You had 11 spell levels left.
You knew the following spells:

 Your Spells              Type           Power        Failure   Level
a - Shock                 Conj/Air       100%         4%          1
b - Static Discharge      Conj/Air       32%          13%         3
c - Swiftness             Air            34%          5%          2

Your spell library contained the following spells:

 Spells                   Type           Power        Failure   Level
 Airstrike                Air            17%          34%         4
 Lightning Bolt           Conj/Air       16%          75%         5


Dungeon Overview and Level Annotations

Branches:
Dungeon (7/15)
 Temple: D:4-7

Shops:
D:4 (   D:5 ?   D:6 [

Annotations:
D:7 Pikel


Innate Abilities, Weirdness & Mutations

Your attributes grow dramatically as you level up.
You have an increased reservoir of magic. (+10% MP)
You shall have no god before yourself.


Message History

The orc warrior barely misses you.
Unknown command.
Unknown command.
You hit the orc warrior but do no damage.
The orc warrior is poisoned.
You hit the orc warrior.
The orc warrior looks as sick as possible!
The orc warrior is lightly wounded.
The orc warrior hits you with a +0 long sword!!
You hit the orc warrior.
The orc warrior is lightly wounded.
The orc warrior zaps a wand.
The bolt of acid hits you!! The acid corrodes you!
You are splashed with acid!
* * * LOW HITPOINT WARNING * * *
Unknown command.
Unknown command.
You feel better.
You hear some strange, mumbled words.
A puff of flame appears from out of thin air!
The puff of flame hits you!
* * * LOW HITPOINT WARNING * * *
The orc warrior hits you with a +0 long sword!
* * * LOW HITPOINT WARNING * * *
Unknown command.
Unknown command.
You feel better.
The orc warrior zaps a wand.
The bolt of acid misses you.
Unknown command.
Unknown command.
Unknown command.
An orc comes into view. It is wielding a +0 short sword.
The orc shouts!
You hear a shout!
Unknown command.
You feel better. Something hits you but does no damage.
The orc warrior zaps a wand.
The bolt of acid hits something!!
The acid corrodes something!
Reactivating autopickup.
You feel a bit more experienced. The bolt of acid hits you!
* * * LOW HITPOINT WARNING * * *
The acid corrodes you!
You are splashed with acid!
You die...

.....$....## ##.#
#..........## #..#####
............# #......#
..........#.# #......#
.........##.# ##......#
............### #.......#
.......<..o...# ##.......#
..............###........#
.............o)@.........#
.........................#
.......................<.#
.........(.......#.......#
##...)...........##..#####
..#............###..#
............##....#
##.#..###..###.##)# #....
...## #. #.#


You could see an orc warrior (very poisoned) and an orc.

Vanquished Creatures
  A two-headed ogre (D:6)
  Menkaure (D:6)
  A sky beast (D:6)
  An ice beast (D:6)
  A necrophage (D:6)
  4 ogres
  3 centaurs (D:5)
  3 lemures (D:7)
  A phantom (D:6)
  2 bullfrogs
  5 killer bees
  2 howler monkeys
  3 wights (D:6)
  An orc priest (D:7)
  4 hounds
  An iguana (D:5)
  3 centaur skeletons
  3 worker ants
  2 orc wizards
  2 hound zombies
  5 adders
  6 gnolls
  A shadow imp (D:6)
  A white imp (D:6)
  An ufetubus (D:5)
  An adder zombie (D:6)
  4 worms
  3 dart slugs
  3 leopard geckos
  13 orcs
  3 giant cockroaches
  5 goblins
  9 hobgoblins
  14 jackals
  9 kobolds
  4 quokkas
  9 bats
  4 frilled lizards
  A leopard gecko skeleton (D:5)
  5 rats
145 creatures vanquished.

Vanquished Creatures (others)
  An orc wizard (D:7)
  2 adders (D:5)
3 creatures vanquished.

Grand Total: 148 creatures vanquished

Notes
Turn   | Place    | Note
-------+----------+-------------------------------------------
     0 | D:1      | Morbidden the Demigod Air Elementalist began the quest for
                  | the Orb.
     0 | D:1      | Reached XP level 1. HP: 14/14 MP: 5/5
   127 | D:1      | Reached skill level 1 in Conjurations
   958 | D:2      | Reached XP level 2. HP: 20/20 MP: 1/7
   980 | D:2      | Reached skill level 3 in Air Magic
  1590 | D:2      | Reached XP level 3. HP: 27/27 MP: 8/8
  1992 | D:2      | Reached skill level 1 in Fighting
  2139 | D:2      | Learned a level 3 spell: Static Discharge
  2500 | D:3      | Reached XP level 4. HP: 32/35 MP: 2/10
  3552 | D:3      | Reached XP level 5. HP: 40/40 MP: 6/11
  3557 | D:3      | Reached skill level 4 in Air Magic
  4358 | D:4      | Noticed an ogre
  4398 | D:4      | Found Sisoal's Antique Weapon Boutique.
  4406 | D:4      | Reached XP level 6. HP: 20/48 MP: 8/13
  4675 | D:4      | Learned a level 2 spell: Swiftness
  4784 | D:4      | Reached skill level 1 in Polearms
  5117 | D:5      | Entered Level 5 of the Dungeon
  5328 | D:5      | Found Tecen's Magic Scroll Shop.
  5340 | D:5      | Bought a scroll of magic mapping for 38 gold pieces
  5520 | D:5      | Reached XP level 7. HP: 19/56 MP: 10/14
  6673 | D:6      | Found Juocuq's Armour Shoppe.
  6681 | D:6      | Bought the +0 scale mail of Vehumet's Favour {Rampage rN+
                  | Regen+} for 182 gold pieces
  6891 | D:6      | Reached skill level 5 in Air Magic
  6906 | D:6      | Reached XP level 8. HP: 48/63 MP: 10/16
  7089 | D:6      | Noticed a two-headed ogre
  7127 | D:6      | Killed a two-headed ogre
  7128 | D:6      | Reached skill level 1 in Armour
  7583 | D:6      | Reached XP level 9. HP: 37/62 MP: 5/18
  7769 | D:6      | Noticed Menkaure
  7773 | D:6      | Killed Menkaure
  8077 | D:7      | Noticed a two-headed ogre
  8118 | D:7      | Noticed Pikel
  8444 | D:7      | Splashed by an orc warrior's acid

Illustrated notes

Levels and vault maps discovered:
D:1:      dpeg_arrival_morbid_curiosity, layout_basic
D:2:      minmay_alternating_diamond, layout_loops_ring
D:3:      layout_loops_corners, chequers_ecumenical_altar_lobes
D:4:      layout_gridville, serial_shops, nicolae_shop_crystal,
          dk_noncrumbling_3
D:5:      layout_loops_cross, serial_shops, shop_scrolls,
          chequers_serial_rivers_marsh, xom_confusion_cloud
D:6:      layout_basic, marbit_many_paths, serial_shops, shop_fountains,
          cheibrodos_ashenzari_chains, uniq_menkaure
D:7:      layout_rooms, chequers_temple_overflow_minitemple,
          nicolae_overflow_hidden_temple, nicolae_overflow_crystal_walls,
          minmay_temple_entry_stoned_glass, gammafunk_ghost_cemetery,
          nemelex_altar_shiori, uniq_prince_ribbit1, uniq_pikel

Skill      XL: |  1  2  3  4  5  6  7  8 |
---------------+-------------------------+-----
Conjurations   | 1 2 3 4 |  4.9
Stealth        | 2 3 |  3.0
Air Magic      | 3 4 5 |  5.8
Spellcasting   | 2 3 4 |  4.5
Fighting       | 1 2 3 4 |  4.3
Dodging        | 2 3 |  3.3
Polearms       | 2 3 4 |  4.9
Armour         | 2 |  2.6
Unarmed Combat | |  0.1

Action                   |  1- 3 |  4- 6 |  7- 9 || total
-------------------------+-------+-------+-------++-------
Melee: Unarmed           |    12 |       |       ||    12
       Whip              |    32 |     4 |       ||    36
       Spear             |       |   111 |   324 ||   435
 Cast: Shock             |    92 |    65 |     9 ||   166
       Static Discharge  |       |     6 |     5 ||    11
       Swiftness         |       |     1 |       ||     1
Evoke: Wand              |       |       |     6 ||     6
  Use: Potion            |       |       |     5 ||     5
 Stab: Sleeping          |       |     3 |     1 ||     4
       Distracted        |       |       |     1 ||     1
Armor: Robe              |    16 |     8 |     5 ||    29
       Scale mail        |       |       |    80 ||    80
Dodge: Dodged            |    46 |    77 |   125 ||   248

Table legend: (Time is in decaauts)
 A = Elapsed time spent in this place.
 B = Non-inter-level travel time spent in this place.
 C = Inter-level travel time spent in this place.
 D = Time resting spent in this place.
 E = Time spent auto-exploring this place.
 F = Levels seen in this place.
 G = Mean time per level.
                   A        B        C        D        E       F      G
               +--------+--------+--------+--------+--------+-----+--------+
         Total |   8418 |   8078 |    340 |    682 |   6027 |   7 | 1202.6 |
       Dungeon |   8418 |   8078 |    340 |    682 |   6027 |   7 | 1202.6 |
               +--------+--------+--------+--------+--------+-----+--------+

Top non-repeatable levels by time:
     D:3: 1751 daAuts
     D:6: 1580 daAuts
     D:5: 1438 daAuts
     D:2: 1315 daAuts
     D:1: 1128 daAuts
     D:4: 926 daAuts
     D:7: 275 daAuts
